 Dungeon Crawl Stone Soup version 0.32-a0-720-g1d96ad090f (console) character file.

Game seed: 4135585105382004729

111045 Borsukrates the Bludgeoner (level 16, -9/179 HPs)
             Began as an Oni Gladiator on Mar 13, 2024.
             Was a Plaything of Xom.
             Mangled by a red ugly thing (18 damage)
             ... on level 12 of the Dungeon on Mar 16, 2024.
             The game lasted 02:05:22 (19313 turns).

Borsukrates the Bludgeoner (Oni Gladiator)         Turns: 19313, Time: 02:05:23

Health: -9/179     AC: 19    Str: 19    XL:     16   Next: 56%
Magic:  16/16      EV: 17    Int:  9    God:    Xom [...*..]
Gold:   2197       SH:  0    Dex: 16    Spells: 15/15 levels left

rFire   . . .        a - +1 dire flail (heavy)
rCold   . . .        (shield currently unavailable)
rNeg    + . .        t - +1 robe {rN+}
rPois   .            c - +0 hat
rElec   +            k - +2 cloak of the Abyss {rElec Regen+ Str-3 SInv}
rCorr   .            (gloves unavailable)
SInv    +            (boots unavailable)
Will    ++...        j - amulet of regeneration
Stlth   ++           M - +4 ring of protection
HPRegen 2.09/turn    m - ring of the Tortoise {AC+8}
MPRegen 0.15/turn

%: no passive effects
@: studying 2 skills
A: large, unfitting armour, horns 1, tough skin 1, double potion healing,
drunken brawling, strong-willed 1, wild magic 1
a: Renounce Religion


You were on level 12 of the Dungeon.
You worshipped Xom.
You were a favourite toy of Xom.
You visited 4 branches of the dungeon, and saw 21 of its levels.
You also visited: Trove and Bailey.

You collected 2394 gold pieces.
You spent 197 gold pieces at shops.

Inventory:

Hand Weapons
 a - a +1 heavy dire flail (weapon)
 b - a +1 great mace of protection
 F - a +3 flail of freezing
 H - a +5 spectral giant club
Missiles
 d - 6 throwing nets {!f}
 B - 13 curare-tipped darts {!f}
 C - 32 poisoned darts
 L - 29 boomerangs (quivered)
 O - 8 large rocks
 W - 4 darts of dispersal
Armour
 c - a +0 hat (worn)
 k - the +2 cloak of the Abyss (worn) {rElec Regen+ Str-3 SInv}
   (You found it in a bailey)

   Str-3:     It affects your strength (-3).
   rElec:     It insulates you from electricity.
   SInv:      It lets you see invisible.
   Regen+:    It increases your rate of health regeneration.
 s - a +2 robe of willpower
 t - a +1 robe of positive energy (worn)
 w - a +0 robe of cold resistance
Magical Staves
 l - a staff of fire
Jewellery
 i - a ring of positive energy
 j - an amulet of regeneration (around neck)
 m - the ring of the Tortoise (right hand) {AC+8}
   (You found it in a treasure trove)

   [ring of protection]

   AC+8:      It affects your AC (+8).
 n - the amulet "Miatait" {Spirit Str+2 Dex+3 Stlth+}
   (You found it in a treasure trove)

   [amulet of guardian spirit]

   Spirit:    It causes incoming damage to be divided between your reserves of
   health and magic.
   Str+2:     It affects your strength (+2).
   Dex+3:     It affects your dexterity (+3).
   Stlth+:    It makes you more stealthy.
 p - a ring of resist corrosion
 M - a +4 ring of protection (left hand)
Wands
 r - a wand of charming (8)
 K - a wand of warping (10)
 N - a wand of digging (5)
 Q - a wand of light (6)
 T - a wand of flame (25)
 Z - a wand of mindburst (5)
Scrolls
 q - 11 scrolls of teleportation
 u - 6 scrolls of fog
 y - a scroll of silence
 A - 4 scrolls of fear
 D - 2 scrolls of poison
 E - 3 scrolls of immolation
 I - a scroll of torment
 J - 8 scrolls of blinking
 P - a scroll of butterflies
 S - a scroll of enchant armour
 X - 2 scrolls of noise
 Y - a scroll of vulnerability
Potions
 e - a potion of experience {unknown}
 f - 2 potions of resistance
 g - a potion of might
 h - 5 potions of magic
 v - 7 potions of curing
 x - 2 potions of enlightenment
 z - a potion of berserk rage {unknown}
 G - 2 potions of lignification
 R - a potion of ambrosia {unknown}
 U - 2 potions of haste {unknown}
 V - a potion of mutation
Miscellaneous
 o - a phial of floods


   Skills:
 - Level 16.3 Fighting
 * Level 17.9 Maces & Flails
 - Level 6.0 Throwing
 - Level 16.0 Dodging
 - Level 3.0 Stealth


You had 15 spell levels left.
You didn't know any spells.
Your spell library contained the following spells:

 Spells                   Type           Power      Damage    Failure   Level
 Foxfire                  Conj/Fire      0%         2x1d4     47%         1
 Freeze                   Ice            0%         1d3       47%         1
 Magic Dart               Conj           0%         1d3       47%         1
 Sting                    Conj/Alch      0%         1d3       47%         1
 Blink                    Tloc           0%         N/A       61%         2
 Call Imp                 Summ           0%         N/A       61%         2
 Cigotuvi's Dreadful Rot  Necr/Alch/Air  0%         N/A       61%         2
 Ensorcelled Hibernation  Hex/Ice        0%         N/A       61%         2
 Lesser Beckoning         Tloc           0%         N/A       61%         2
 Mercury Vapours          Alch/Air       0%         N/A       61%         2
 Call Canine Familiar     Summ           0%         N/A       83%         3
 Frozen Ramparts          Ice            0%         1d1       83%         3
 Fugue of the Fallen      Necr           0%         N/A       83%         3
 Gell's Gravitas          Tloc           0%         N/A       83%         3
 Hailstorm                Conj/Ice       0%         3d5       83%         3
 Ozocubu's Armour         Ice            0%         N/A       83%         3
 Passwall                 Erth           0%         N/A       83%         3
 Sigil of Binding         Hex            0%         N/A       83%         3
 Stone Arrow              Conj/Erth      0%         3d7       83%         3
 Swiftness                Air            0%         N/A       83%         3
 Teleport Other           Tloc           0%         N/A       83%         3
 Anguish                  Hex/Necr       0%         N/A       99%         4
 Animate Armour           Summ/Erth      0%         N/A       99%         4
 Dimensional Bullseye     Hex/Tloc       0%         N/A       99%         4
 Fulminant Prism          Conj/Alch      0%         3d5       99%         4
 Ignite Poison            Fire/Alch      0%         N/A       99%         4
 Olgreb's Toxic Radiance  Alch           0%         N/A       99%         4
 Summon Blazeheart Golem  Fire/Summ      0%         N/A       99%         4
 Vhi's Electric Charge    Tloc/Air       0%         N/A       99%         4
 Arcjolt                  Conj/Air       0%         1d10      100%        5
 Freezing Cloud           Conj/Ice/Air   0%         6-21      100%        5
 Metabolic Englaciation   Hex/Ice        0%         N/A       100%        5
 Plasma Beam              Fire/Air       0%         2x1d10    100%        6
 Orb of Destruction       Conj           0%         9d5       100%        7
 Spellforged Servitor     Conj/Summ      0%         N/A       100%        7
 Lehudib's Crystal Spear  Conj/Erth      0%         10d2      100%        8


Dungeon Overview and Level Annotations

Branches:
Dungeon (13/15)            Temple (1/1) D:7            Lair (5/5) D:11
 Shoals (0/4) Lair:2       Spider (0/4) Lair:3        Slime (0/5) Lair:4
    Orc (2/2) D:9             Elf (0/3) Orc:2        Bailey (visited)
 Vaults: D:13-14

Altars:
Ashenzari
Cheibriados
Dithmenos
Elyvilon
Fedhas
Gozag
Hepliaklqana
Kikubaaqudgha
Makhleb
Nemelex Xobeh
Okawaru
Qazlal
Ru
Sif Muna
Trog
Uskayaw
Vehumet
Wu Jian
Xom
Yredelemnul
Zin
The Shining One
Beogh

Shops:
D:6 (   D:8 ?   Orc:2 ([*:

Annotations:
D:8 exclusion: 2 electric eels
Orc:2 1 runed translucent door, makewrite's ghost, journeyman MDFi


Innate Abilities, Weirdness & Mutations

You are too large for most types of armour.
You have a pair of small horns on your head.
You have tough skin. (AC +1)
You gain doubled healing and magic from potions.
Whenever you drink a healing potion, you attack all around you.
You are strong-willed. (Will+)
Your spells are a little harder to cast, but a little more powerful.


Message History

You impale the howler monkey!!
You kill the howler monkey!
The cyclops throws a large rock.
The large rock hits you!
You barely miss the cyclops.
Unknown command.
The red ugly thing bites you!
You are engulfed in flames!
The cyclops hits you!!
The gargoyle hurls a stone arrow at you.
The stone arrow misses you.
You climb upwards.
There is a stone staircase leading down here.
Unknown command.
Xom grants you some temporary aid.
The red ugly thing attacks as it pursues you!
The red ugly thing misses you. The cyclops hits your white imp!!
Your white imp dies!
Your white imp disappears in a puff of smoke!
The gargoyle attacks as it pursues you! The gargoyle barely misses you.
You swap places.
The gargoyle hurls a stone arrow at you.
The stone arrow hits you!
Your shadow imp completely misses the gargoyle.
The red ugly thing bites you.
You are engulfed in flames!
The red ugly thing bites you!
* * * LOW HITPOINT WARNING * * *
You are engulfed in flames!!
* * * LOW HITPOINT WARNING * * *
Your shadow imp hits the gargoyle but does no damage.
The red ugly thing attacks as it pursues you!
The red ugly thing bites you.
* * * LOW HITPOINT WARNING * * *
You are engulfed in flames!!
* * * LOW HITPOINT WARNING * * *
Your shadow imp hits the gargoyle but does no damage.
The red ugly thing attacks as it pursues you!
The red ugly thing bites you!
* * * LOW HITPOINT WARNING * * *
You are engulfed in flames!!
You die...
Xom howls with laughter!

...................### #.
#............######..## #.
..#####.....## ##..# #. .##
#......# ##.## #. ## #...#..##
#..## ##. # #..####.##
##..#######.. #..# ##.##
#........... #..# ##.##
##.......... #.########@###
#.......... #
###.......###u.#####........#
#####...........#...##.........##
................9C............##
..........[....5.............##
.............>...............##
..............................#
##............................#
####.............###.....#...#


You could see a red ugly thing and a cyclops.

Vanquished Creatures
  Rupert (Lair:4)
  2 orc warlords (Orc:2)
  Josephine (Lair:3)
  Erolcha (Orc:2)
  A fire dragon (Lair:5)
  8 hydras
  A catoblepas (Lair:1)
  A centaur warrior (D:13)
  A boulder beetle (Lair:3)
  5 death yaks
  A two-headed ogre (D:10)
  A tengu warrior (D:11)
  5 orc high priests (Orc:2)
  2 lindwurms (Lair:5)
  10 orc knights (Orc:2)
  6 orc sorcerers
  Maurice (Orc:2)
  2 manticores
  6 elephants
  5 black mambas (Lair:5)
  3 torpor snails
  3 molten gargoyles (Lair:5)
  4 kobold blastminers
  16 cane toads
  7 rime drakes
  16 komodo dragons
  A kobold demonologist (D:11)
  A tengu conjurer (D:11)
  7 trolls
  A tarantella (Lair:3)
  Prince Ribbit (D:5)
  3 polar bears
  A tyrant leech (Lair:2)
  5 dream sheep (Lair:3)
  19 blink frogs
  A jumping spider (Lair:3)
  14 slime creatures
  A shadow (D:9)
  7 wraiths
  6 basilisks
  2 wyverns
  65 yaks
  A steam dragon (Lair:5)
  3 wargs (Orc:2)
  8 vampire mosquitoes
  An acid dragon (D:9)
  6 hell hounds (Lair:5)
  36 orc warriors
  16 water moccasins
  3 ice beasts
  A sky beast (D:8)
  9 wolves
  5 ogres
  5 centaurs
  A phantom (D:4)
  5 kobold brigands (Bailey)
  15 bullfrogs
  3 gnoll sergeants
  3 scorpions
  19 wights
  13 killer bees
  6 howler monkeys
  A vampire bat (Lair:4)
  An electric eel (D:8)
  5 lava snakes (Lair:5)
  5 jellies
  6 hounds
  23 orc priests
  2 bombardier beetles (D:4)
  A gnoll bouda (D:7)
  3 sleepcaps
  3 iguanas
  19 orc wizards
  Natasha (twice) (D:2)
  Robin (D:2)
  22 gnolls
  A river rat (Lair:2)
  12 adders
  A shadow imp (D:7)
  3 dart slugs
  3 ribbon worms
  90 orcs
  2 ball pythons
  11 bats
  A bat zombie (D:2)
  11 endoplasms
  2 giant cockroaches
  15 goblins
  9 hobgoblins
  2 jackals (D:3)
  4 quokkas
  2 ball python skeletons (D:2)
  7 frilled lizards
  A giant cockroach zombie (D:2)
  13 kobolds
  6 rats
694 creatures vanquished.

Vanquished Creatures (collateral kills)
  A slime creature (D:11)
  A yak (Lair:3)
  A wight (D:8)
  3 killer bees (D:6)
  A gnoll (D:8)
7 creatures vanquished.

Vanquished Creatures (others)
  An eldritch tentacle (Lair:4)
  A wight (D:8)
  A killer bee (D:6)
  A kobold (Bailey)
4 creatures vanquished.

Grand Total: 705 creatures vanquished

Notes
Turn   | Place    | Note
-------+----------+-------------------------------------------
     0 | D:1      | Borsukrates the Oni Gladiator began the quest for the Orb.
     0 | D:1      | Reached XP level 1. HP: 22/22 MP: 1/1
   101 | D:1      | Reached XP level 2. HP: 29/29 MP: 2/2
   496 | D:1      | Reached skill level 4 in Maces & Flails
   821 | D:2      | Reached XP level 3. HP: 36/36 MP: 3/3
  1044 | D:2      | Noticed Natasha
  1063 | D:2      | Killed Natasha
  1195 | D:3      | Reached XP level 4. HP: 24/44 MP: 4/4
  1283 | D:2      | Noticed Robin
  1306 | D:2      | Reached skill level 5 in Maces & Flails
  1312 | D:2      | Killed Robin
  1455 | D:2      | Noticed Natasha
  1467 | D:2      | Killed Natasha
  1722 | D:3      | Reached XP level 5. HP: 50/50 MP: 5/5
  2338 | D:3      | Reached skill level 6 in Maces & Flails
  2618 | D:4      | Reached XP level 6. HP: 56/59 MP: 6/6
  2743 | D:4      | Reached skill level 7 in Maces & Flails
  2908 | D:4      | Reached XP level 7. HP: 65/66 MP: 7/7
  3146 | D:5      | Entered Level 5 of the Dungeon
  3156 | D:5      | Reached skill level 8 in Maces & Flails
  3185 | D:5      | Noticed Prince Ribbit
  3222 | D:5      | Killed Prince Ribbit
  3223 | D:5      | Reached skill level 5 in Fighting
  3390 | D:5      | Identified the +0 leather armour of the Skies Above {rPois
                  | Stlth+}
  3503 | D:5      | Reached XP level 8. HP: 71/84 MP: 8/8
  3889 | D:6      | Found Coacapim's Weapon Emporium.
  3897 | D:6      | Bought 5 poisoned darts for 33 gold pieces
  4372 | D:6      | Noticed a yak
  4372 | D:6      | Noticed a yak
  4372 | D:6      | Noticed a yak
  4380 | D:6      | Noticed a yak
  4392 | D:5      | Killed a yak
  4472 | D:6      | Killed a yak
  4472 | D:6      | Noticed a yak
  4473 | D:6      | Reached skill level 9 in Maces & Flails
  4473 | D:6      | Reached XP level 9. HP: 85/96 MP: 9/9
  4480 | D:6      | Reached skill level 5 in Throwing
  4492 | D:6      | Reached skill level 10 in Maces & Flails
  4698 | D:7      | Found a staircase to the Ecumenical Temple.
  4708 | Temple   | Entered the Ecumenical Temple
  4727 | Temple   | Became a worshipper of Xom of Chaos
  4882 | D:7      | XOM: divination: detect items
  5447 | D:8      | Found Hauleot's Magic Scroll Boutique.
  5458 | D:8      | Bought a scroll of blinking for 82 gold pieces
  5458 | D:8      | Bought a scroll of identify for 22 gold pieces
  5596 | D:8      | Found a glowing silver altar of Zin.
  5632 | D:8      | XOM: enchant monster (good)
  5636 | D:8      | XOM: smoke on damage
  5667 | D:8      | XOM: summons friendly ufetubus
  5670 | D:8      | XOM: enchant monster (good)
  5718 | D:8      | Reached skill level 5 in Dodging
  5754 | D:8      | XOM: 2-stop teleportation journey
  5783 | D:8      | XOM: fake destruction
  5824 | D:8      | Reached XP level 10. HP: 99/101 MP: 10/10
  5852 | D:8      | XOM: swap monsters
  5874 | D:8      | XOM: smoke on damage
  5875 | D:8      | XOM: scenery: summon butterflies
  6078 | D:8      | XOM: 1-stop teleportation journey
  6201 | D:8      | Found a white marble altar of Elyvilon.
  6281 | D:9      | Found a flagged portal.
  6327 | Bailey   | Entered a bailey
  6365 | Bailey   | XOM: enchant monster (good)
  6447 | Bailey   | XOM: summons friendly iron imp
  6538 | Bailey   | Identified the +2 cloak of the Abyss {rElec Regen+ Str-3
                  | SInv}
  6577 | Bailey   | XOM: blink monster(s)
  6578 | Bailey   | XOM: give mutations
  6578 | Bailey   | Gained mutation: You are resistant to electric shocks.
                  | (rElec) [Xom's mischief]
  6578 | Bailey   | Lost mutation: You are resistant to electric shocks.
                  | (rElec) [Xom's mischief]
  6578 | Bailey   | Gained mutation: Your health recovers twice as slowly from
                  | being drained. [Xom's mischief]
  6583 | Bailey   | XOM: enchant monster (good)
  6619 | Bailey   | Found a burning altar of Makhleb.
  6677 | Bailey   | Upgraded the game from 0.32-a0-696-g5fa0bccb63 to
                  | 0.32-a0-702-gc29ba85809
  6810 | D:8      | XOM: silly message
  6897 | D:9      | Found a staircase to the Orcish Mines.
  6901 | D:9      | XOM: summons friendly crimson imp
  6921 | D:9      | XOM: smoke on damage
  6926 | D:9      | XOM: confuse monster(s)
  6939 | D:9      | XOM: give mutation
  6939 | D:9      | Gained mutation: You are dopey. (Int -2) [Xom's mischief]
  7127 | D:9      | XOM: noise
  7139 | D:9      | Reached skill level 11 in Maces & Flails
  7155 | D:9      | XOM: fog
  7188 | D:9      | XOM: summons 1 hostile shadow creature
  7305 | D:9      | XOM: 8-stop teleportation journey
  7311 | D:9      | XOM: noise
  7338 | D:9      | XOM: confusion (+ monsters)
  7341 | D:9      | XOM: enchant monster (bad)
  7342 | D:9      | XOM: enchant monster (bad)
  7450 | D:9      | Reached XP level 11. HP: 109/111 MP: 11/11
  7655 | D:9      | XOM: give mutation
  7655 | D:9      | Gained mutation: You are very dopey. (Int -4) [Xom's
                  | mischief]
  7801 | D:9      | XOM: summons 1 hostile shadow creature
  7904 | D:10     | Entered Level 10 of the Dungeon
  7924 | D:10     | XOM: noise
  8046 | D:10     | Identified the +1 ring mail of the Floral God {^Drain rC+++
                  | Slay+5}
  8085 | D:10     | Noticed a two-headed ogre
  8101 | D:10     | Killed a two-headed ogre
  8102 | D:10     | Reached skill level 12 in Maces & Flails
  8159 | D:10     | XOM: summons 3 friendly demons
  8163 | D:10     | XOM: cleaving
  8173 | D:10     | XOM: polymorph shadow imp -> white imp
  8233 | D:10     | XOM: divination: detect creatures
  8553 | D:10     | Identified the staff "Yxkiom" {^Drain rC+ Str+6 Int+3 Ice}
  8690 | D:10     | XOM: 2-stop teleportation journey
  8846 | D:10     | XOM: polymorph yak -> torpor snail
  8855 | D:10     | XOM: potion effect (curing)
  8857 | D:10     | XOM: cast spell 'Metabolic Englaciation'
  8870 | D:10     | XOM: summons 2 friendly demons
  8885 | D:10     | XOM: scenery: 1 doors open
  8961 | D:11     | Identified the +6 ring mail of Happy Babbling {rCorr Str+3
                  | Dex-3}
  9041 | D:11     | Found a portal to a secret trove of treasure.
  9049 | D:11     | XOM: summons friendly crimson imp
  9065 | D:11     | Reached skill level 10 in Dodging
  9253 | D:11     | XOM: fog
  9267 | D:11     | Reached skill level 13 in Maces & Flails
  9283 | D:11     | XOM: noise
  9285 | D:11     | XOM: silly message
  9286 | D:11     | XOM: divination: detect items
  9300 | D:11     | Found a staircase to the Lair.
  9301 | D:11     | XOM: potion effect (experience)
  9301 | D:11     | Reached skill level 14 in Maces & Flails
  9301 | D:11     | Reached XP level 12. HP: 119/119 MP: 12/12
  9444 | D:11     | XOM: silly message
  9550 | D:11     | Noticed a tengu warrior
  9626 | D:11     | XOM: divination: magic mapping
  9723 | D:11     | Killed a tengu warrior
  9724 | D:11     | Reached skill level 1 in Stealth
  9877 | Trove    | Entered a treasure trove
  9900 | Trove    | Found the ring of the Tortoise {AC+8}
  9906 | Trove    | Identified the amulet "Miatait" {Spirit Str+2 Dex+3 Stlth+}
 10081 | D:12     | XOM: 6-stop teleportation journey
 10086 | D:12     | XOM: enchant monster (bad)
 10097 | D:12     | Reached XP level 13. HP: 65/131 MP: 13/13
 10224 | D:12     | Identified the +0 pair of boots of the Swamp {Dex+7}
 10422 | D:12     | XOM is BORED!
 10422 | D:12     | XOM: torment (71/132 hp)
 10674 | D:12     | Reached skill level 10 in Fighting
 10793 | D:12     | XOM: summons 1 hostile shadow creature
 11148 | D:12     | XOM: noise
 11183 | Lair:1   | XOM: noise
 11183 | Lair:1   | Entered Level 1 of the Lair of Beasts
 11236 | Lair:1   | XOM: fog
 11243 | Lair:1   | XOM: polymorph yak -> wolf
 11337 | Lair:1   | XOM: summons friendly iron imp
 11342 | Lair:1   | XOM: destruction
 11350 | Lair:1   | XOM: potion effect (invisibility)
 11515 | Lair:1   | XOM: cast spell 'Leda's Liquefaction'
 11653 | Lair:1   | XOM: cast spell 'Summon Ice Beast'
 11707 | Lair:1   | XOM: divination: detect items
 11711 | Lair:1   | XOM: divination: magic mapping
 12379 | Lair:1   | XOM: silly message
 12413 | Lair:1   | XOM: silly message
 12443 | Lair:2   | Found a staircase to the Shoals.
 12497 | Lair:2   | XOM: potion effect (curing)
 12649 | Lair:2   | XOM: potion effect (experience)
 12649 | Lair:2   | Reached XP level 14. HP: 153/153 MP: 14/14
 12672 | Lair:2   | XOM: potion effect (might)
 12747 | Lair:2   | XOM: enchant monster (bad)
 12756 | Lair:2   | Got the Spellbook of the Missiles
 12788 | Lair:2   | XOM: polymorph wolf -> river rat
 12856 | Lair:2   | XOM: divination: detect creatures
 12865 | Lair:2   | XOM: polymorph yak -> tyrant leech
 13197 | Lair:2   | Reached XP level 15. HP: 163/163 MP: 15/15
 13228 | Lair:2   | XOM is BORED!
 13228 | Lair:2   | XOM: noise
 13229 | Lair:2   | Reached skill level 15 in Dodging
 13550 | Lair:3   | XOM: blink monster(s)
 13579 | Lair:3   | XOM: cloud trail
 13600 | Lair:3   | Noticed Josephine
 13608 | Lair:3   | XOM: confuse monster(s)
 13620 | Lair:3   | Killed Josephine
 13650 | Lair:3   | Reached skill level 15 in Fighting
 13670 | Lair:3   | Found a stormy altar of Qazlal.
 13670 | Lair:3   | XOM: 2-stop teleportation journey
 13849 | Lair:3   | XOM: give mutations
 13849 | Lair:3   | Lost mutation: Your health recovers twice as slowly from
                  | being drained. [Xom's mischief]
 13849 | Lair:3   | Gained mutation: You are weak. (Str -2) [Xom's mischief]
 13849 | Lair:3   | Gained mutation: Your magical capacity is low. (-10% MP)
                  | [Xom's mischief]
 13849 | Lair:3   | Lost mutation: You are very dopey. (Int -4) [Xom's
                  | mischief]
 13912 | Lair:3   | XOM: god gift: 42 gold pieces
 13929 | Lair:3   | XOM: 2-stop teleportation journey
 14038 | Lair:3   | Lost mutation: You are weak. (Str -2) [potion of mutation]
 14038 | Lair:3   | Lost mutation: You are dopey. (Int -2) [potion of mutation]
 14038 | Lair:3   | Lost mutation: Your magical capacity is low. (-10% MP)
                  | [potion of mutation]
 14038 | Lair:3   | Gained mutation: Your spells are a little harder to cast,
                  | but a little more powerful. [potion of mutation]
 14038 | Lair:3   | Gained mutation: You possess an exceptional clarity of
                  | mind. [potion of mutation]
 14089 | Lair:3   | Identified the +3 scale mail of the Apprentice {Str+4
                  | Dex+2}
 14090 | Lair:3   | Found a hole to the Spider Nest.
 14227 | Lair:3   | XOM: give mutation
 14227 | Lair:3   | Gained mutation: You are strong-willed. (Will+) [Xom's
                  | grace]
 14274 | Lair:3   | XOM: fake destruction
 14282 | Lair:3   | XOM: summons 5 friendly demons
 14551 | Lair:3   | XOM is BORED!
 14551 | Lair:3   | XOM: noise
 14656 | Lair:3   | XOM: god gift: scroll labelled NIRHECEEMI {god gift}
 14771 | Lair:4   | XOM: scenery: 2 doors open
 14773 | Lair:4   | XOM: cast spell 'Malign Gateway'
 14802 | Lair:4   | XOM: divination: detect creatures
 14811 | Lair:4   | Noticed Rupert
 14827 | Lair:4   | Killed Rupert
 15107 | Lair:4   | Upgraded the game from 0.32-a0-702-gc29ba85809 to
                  | 0.32-a0-711-g016ad743e0
 15203 | Lair:4   | XOM: god gift: 52 gold pieces
 15221 | Lair:4   | Found a staircase to the Slime Pits.
 15383 | Lair:4   | XOM: 5-stop teleportation journey
 15434 | Lair:4   | XOM: divination: detect creatures
 15519 | Lair:5   | Entered Level 5 of the Lair of Beasts
 15526 | Lair:5   | XOM: summons 10 friendly demons
 15530 | Lair:5   | XOM: fake destruction
 15537 | Lair:5   | XOM: confuse monster(s)
 15644 | Lair:5   | XOM: 1-stop teleportation journey
 15801 | Lair:5   | XOM: summons friendly quasit
 15806 | Lair:5   | XOM: summons friendly iron imp
 15814 | Lair:5   | XOM: polymorph boulder beetle -> manticore
 15817 | Lair:5   | Reached skill level 15 in Maces & Flails
 16007 | Lair:5   | XOM: scenery: create altars
 16099 | Lair:5   | XOM: summons friendly shadow imp
 16114 | Lair:5   | Found a large runed translucent door.
 16114 | Lair:5   | Found a large runed translucent door.
 16130 | Lair:5   | XOM: give mutation
 16130 | Lair:5   | Lost mutation: You possess an exceptional clarity of mind.
                  | [Xom's mischief]
 16135 | Lair:5   | XOM: 2-stop teleportation journey
 16177 | Lair:5   | Reached XP level 16. HP: 153/179 MP: 16/16
 16218 | Lair:5   | Identified a scroll of acquirement
 16218 | Lair:5   | Acquired a +5 spectral giant club
 16372 | Lair:5   | XOM: silly message
 16481 | Lair:5   | XOM: silly message
 16647 | Lair:5   | XOM: divination: magic mapping
 16678 | Lair:5   | XOM: silly message
 16754 | Lair:5   | XOM: silly message
 16981 | Orc:1    | Entered Level 1 of the Orcish Mines
 16984 | Orc:1    | XOM: noise
 17170 | Orc:2    | XOM: stealth player
 17170 | Orc:2    | Entered Level 2 of the Orcish Mines
 17183 | Orc:2    | Found a staircase to the Elven Halls.
 17263 | Orc:2    | Reached skill level 16 in Maces & Flails
 17345 | Orc:1    | XOM: divination: magic mapping
 17406 | Orc:1    | Found a roughly hewn altar of Beogh.
 17667 | Orc:2    | Noticed Erolcha
 17686 | Orc:2    | Killed Erolcha
 17804 | Orc:2    | XOM: noise
 17864 | Orc:2    | Noticed Maurice
 17902 | Orc:2    | XOM: divination: magic mapping
 18066 | Orc:2    | Found Keb Bihe's General Store.
 18066 | Orc:2    | Found Qofuoku's Antique Armour Emporium.
 18066 | Orc:2    | Found Onasto's Book Emporium.
 18066 | Orc:2    | Found Cissinuz's Antique Weapon Shoppe.
 18066 | Orc:2    | XOM: 8-stop teleportation journey
 18084 | Orc:2    | HP: 3/179 [sun demon[an orc high priest] (18)]
 18215 | Orc:2    | Maurice stole a +3 flail of freezing
 18217 | Orc:2    | Killed Maurice
 18268 | Orc:2    | XOM: cleaving
 18270 | Orc:2    | Reached skill level 17 in Maces & Flails
 18353 | Orc:2    | Bought a potion of enlightenment for 60 gold pieces
 18502 | Orc:2    | XOM: divination: detect items
 18601 | Orc:2    | XOM: potion effect (magic)
 18713 | Orc:2    | XOM: confuse monster(s)
 18720 | Orc:2    | XOM: noise
 18724 | Orc:2    | XOM: cast spell 'Summon Cactus Giant'
 18765 | Orc:2    | XOM: potion effect (brilliance)
 18765 | Orc:2    | Paralysed by an orc sorcerer for 4 turns
 18803 | Orc:2    | Found a runed translucent door.
 18803 | Orc:2    | Found a shimmering altar of Xom.
 18803 | Orc:2    | Noticed makewrite's ghost (journeyman MDFi)
 18873 | Orc:2    | XOM: divination: detect items
 18894 | Orc:2    | Found a roughly hewn altar of Beogh.
 19121 | Orc:2    | Upgraded the game from 0.32-a0-711-g016ad743e0 to
                  | 0.32-a0-720-g1d96ad090f
 19291 | D:13     | XOM: enchant monster (good)
 19295 | D:13     | XOM: summons 4 friendly demons
 19308 | D:12     | XOM: summons 2 friendly demons
 19313 | D:12     | Mangled by a red ugly thing

Illustrated notes

Levels and vault maps discovered:
D:1:      matt_arrival_diagonals, layout_basic, chequers_serial_rivers_marsh,
          chequers_serial_rivers_micro_b, minmay_misc_feat_cross
D:2:      layout_loops_ring, serial_undead, serial_undead_c, serial_undead_b,
          serial_undead_c, serial_undead_b, uniq_robin, uniq_natasha
D:3:      minmay_skewed_foursquare, layout_loops_ring, guppyfry_early_lair_pool
D:4:      layout_loops_ring
D:5:      layout_cave_pools, uniq_prince_ribbit1
D:6:      layout_basic, serial_shops, shop, kennysheep_pointless_box
D:7:      layout_gridville, minmay_temple_entry_waves, corner_web_ring
D:8:      layout_rooms, zin_academy, overflow_temple_1_default, serial_shops,
          shop, water_maze_lemuel
D:9:      layout_basic, david_orc_3, enter_bailey_3, bh_walls_and_bars
D:10:     layout_gridville, serial_co_window_serial, co_window_cross_1,
          co_window_corner_a, co_window_paths_a, co_window_of_opportunity_a,
          co_window_corner_a, co_window_2corner, co_window_corner_ca,
          co_window_of_opportunity_b, co_window_broadway_a,
          co_window_broadway_c, co_window_paths_d, glass_columns_b,
          glass_columns_c
D:11:     layout_loops_ring, grunt_lair_entry_orc_guard_hut,
          nicolae_trove_entry_crossroad
D:12:     layout_layer_cave, skrybe_limestone_x
D:13:     layout_rooms, minmay_circle_x
Temple:   nicolae_temple_slightly_damp_pantheon
Lair:1:   layout_layer_cave, minivault_11, grunt_megastairs_1
Lair:2:   layout_loops_ring, elwin_shoals_entry_rocks
Lair:3:   layout_cave_pods, spider_nest_entry_rubble, basic_altar,
          grunt_forest_large_clearing_hut, infiniplex_staircase_pool_2,
          grunt_megastairs_5, uniq_josephine
Lair:4:   layout_roguey, dpeg_slime_entry_corner, roderic_batcave,
          cheibrodos_lair_reptile_den, infiniplex_staircase_pool,
          lemuel_fruit_fields, grunt_megastairs_2, uniq_rupert
Lair:5:   cheibrodos_lair_end_hotspot, layout_misc_corridors, enter_volcano_3,
          minivault_23
Orc:1:    layout_caves, mines2_david
Orc:2:    st_orc_congregation, layout_caves, ebering_ghost_xom,
          statue_in_the_mist_lemuel, lightli_church_of_beogh, uniq_maurice,
          uniq_erolcha

Skill      XL: |  1  2  3  4  5  6  7  8  9 10 11 12 13 14 15 16 |
---------------+-------------------------------------------------+-----
Maces & Flails | 4 5 6 7 8 9 10 11 14 15 17 | 17.9
Fighting       | 6 8 9 13 14 16 | 16.3
Throwing       | 4 6 |  6.0
Dodging        | 5 8 11 14 16 | 16.0
Stealth        | 1 3 |  3.0

Action                     |  1- 3 |  4- 6 |  7- 9 | 10-12 | 13-15 | 16-18 || total
---------------------------+-------+-------+-------+-------+-------+-------++-------
  Melee: Flail             |    21 |   152 |   290 |   583 |     4 |       ||  1050
         Club              |    70 |       |       |       |       |       ||    70
         Headbutt          |    10 |    24 |    52 |   159 |   203 |    92 ||   540
         Dire flail        |       |       |       |    64 |   825 |   448 ||  1337
  Throw: Stone             |     2 |     2 |    10 |       |       |       ||    14
         Dart              |       |       |    13 |     3 |     3 |     1 ||    20
         Large rock        |       |       |     6 |       |       |       ||     6
         Boomerang         |       |       |     1 |       |       |       ||     1
  Evoke: Wand              |       |       |     6 |    11 |     1 |     3 ||    21
    Use: Potion            |     3 |       |       |     1 |     3 |     2 ||     9
         Scroll            |       |       |     9 |     3 |     7 |     7 ||    26
   Stab: Sleeping          |       |     3 |     2 |     1 |     5 |     5 ||    16
         Paralysed         |       |       |     2 |       |       |       ||     2
         Confused          |       |       |       |     2 |     2 |       ||     4
         Invisible         |       |       |       |       |     3 |       ||     3
         Distracted        |       |       |       |       |     3 |       ||     3
         Petrified         |       |       |       |       |     4 |       ||     4
 Armour: Robe              |    56 |    89 |   215 |   476 |   686 |   306 ||  1828
  Dodge: Dodged            |    36 |    54 |   129 |   432 |   826 |   358 ||  1835

Table legend: (Time is in decaauts)
 A = Elapsed time spent in this place.
 B = Non-inter-level travel time spent in this place.
 C = Inter-level travel time spent in this place.
 D = Time resting spent in this place.
 E = Time spent auto-exploring this place.
 F = Levels seen in this place.
 G = Mean time per level.
                   A        B        C        D        E       F      G
               +--------+--------+--------+--------+--------+-----+--------+
         Total |  19114 |  17627 |   1487 |   1309 |   7831 |  23 |  831.0 |
       Dungeon |  10743 |   9880 |    863 |    857 |   4402 |  13 |  826.4 |
        Temple |     38 |      2 |     36 |      0 |      0 |   1 |   38.0 |
          Lair |   5702 |   5338 |    364 |    156 |   2721 |   5 | 1140.4 |
  Orcish Mines |   2182 |   1959 |    223 |    233 |    681 |   2 | 1091.0 |
         Trove |    102 |    102 |      0 |      0 |      0 |   1 |  102.0 |
        Bailey |    345 |    345 |      0 |     61 |     27 |   1 |  345.0 |
               +--------+--------+--------+--------+--------+-----+--------+

Top non-repeatable levels by time:
   Orc:2: 1487 daAuts
  Lair:3: 1347 daAuts
  Lair:5: 1300 daAuts
  Lair:1: 1244 daAuts
     D:9: 1209 daAuts
    D:12: 1107 daAuts
    D:10: 1052 daAuts
    D:11: 1044 daAuts
  Lair:2: 1012 daAuts
     D:3: 946 daAuts
     D:8: 882 daAuts
     D:6: 859 daAuts
  Lair:4: 796 daAuts
     D:2: 791 daAuts
     D:7: 780 daAuts
